 Dungeon Crawl Stone Soup version 0.29-a0-565-g7a16c6de65 (webtiles) character file.

Game seed: 17805686768992652301

94054 KristoblXynda the Warrior (level 15, -7/131 HPs)
             Began as a Demonspawn Gladiator on June 12, 2022.
             Was the Champion of Dithmenos.
             Engulfed by a cloud of flame (22 damage)
             ... on level 1 of the Orcish Mines.
             The game lasted 00:45:33 (33924 turns).

KristoblXynda the Warrior (Demonspawn Gladiator)   Turns: 33924, Time: 00:45:33

Health: -7/131     AC: 22    Str: 20    XL:     15   Next: 62%
Magic:  0/22       EV: 24    Int: 11    God:    Dithmenos [******]
Gold:   1558       SH:  6    Dex: 21    Spells: 14/14 levels left

rFire   . . .      SeeInvis .   J - +4 scimitar (flame)
rCold   . . .      Faith    .   w - +0 buckler
rNeg    . . .      Spirit   +   O - +1 acid dragon scales
rPois   .          Reflect  .   m - +2 hat of the Bear Spirit {Spirit, *Rage Will++}
rElec   +          Harm     .   y - +0 cloak
rCorr   +          Rampage  .   j - +0 pair of gloves
Will    +++..      Rage     20% b - +0 pair of boots
Stlth   ++........              q - amulet of regeneration
HPRegen 8.11/turn               n - +6 ring of dexterity
MPRegen 0.18/turn               N - +4 ring of evasion

@: sanguine armoured, on berserk cooldown, slowed, wreathed by umbra, very slow
A: foul stench 1, powered by death 1, sanguine armour 1, weakness stinger 2,
horns 1, electricity resistance, wild magic 1
a: Renounce Religion, Shadow Step, Shadow Form


You were on level 1 of the Orcish Mines.
You worshipped Dithmenos.
Dithmenos was exalted by your worship.
You visited 5 branches of the dungeon, and saw 24 of its levels.
You also visited: Sewer and Gauntlet.

You collected 1558 gold pieces.

Inventory:

Hand Weapons
 J - a +4 scimitar of flaming (weapon)
Missiles
 e - 16 javelins (quivered)
Armour
 b - a +0 pair of boots (worn)
 j - a +0 pair of gloves (worn)
 m - the +2 hat of the Bear Spirit (worn) {Spirit, *Rage Will++}
   (You found it in a Gauntlet)

   Going berserk makes the wearer tougher, and they're slowed less afterward.
   *Rage:     It berserks you when you make melee attacks (+20% chance).
   Will:      It greatly increases your willpower.
 w - a +0 buckler (worn)
 y - a +0 cloak (worn)
 O - +1 acid dragon scales (worn)
Jewellery
 n - a +6 ring of dexterity (left hand)
 q - an amulet of regeneration (around neck)
 z - a ring of see invisible
 N - a +4 ring of evasion (right hand)
Wands
 E - a wand of digging (20)
 I - a wand of paralysis (1)
Scrolls
 c - 3 scrolls of identify
 f - a scroll of silence
 g - 2 scrolls of magic mapping
 h - a scroll of fear
 k - 3 scrolls of enchant armour
 p - 2 scrolls of blinking
 v - 3 scrolls of fog
 A - a scroll of summoning
 C - 3 scrolls of amnesia
 L - a scroll of teleportation
Potions
 i - a potion of cancellation
 l - 6 potions of brilliance
 o - 3 potions of flight
 r - a potion of haste
 t - a potion of resistance
 u - a potion of lignification
 x - 2 potions of curing
 B - a potion of ambrosia
 G - 2 potions of attraction
 H - a potion of magic
 M - 2 potions of mutation
Miscellaneous
 a - a piece from Xom's chessboard (15/15)
 s - a lightning rod (4/4)
 F - a phial of floods


   Skills:
 - Level 16.1 Fighting
 + Level 14.1 Long Blades
 - Level 3.0 Throwing
 + Level 10.8 Armour
 + Level 12.5 Dodging
 - Level 5.1 Shields
 - Level 10.0 Invocations
 + Level 5.1 Evocations


You had 14 spell levels left.
You didn't know any spells.
Your spell library contained the following spells:

 Spells                   Type           Power      Damage    Failure   Level
 Foxfire                  Conj/Fire      0%         2x1d4     58%         1
 Magic Dart               Conj           0%         1d3       58%         1
 Sandblast                Erth           0%         2d4       58%         1
 Shock                    Conj/Air       0%         1d3       58%         1
 Call Imp                 Summ           0%         N/A       71%         2
 Ensorcelled Hibernation  Hex/Ice        0%         N/A       71%         2
 Passwall                 Tmut/Erth      0%         N/A       71%         2
 Conjure Flame            Conj/Fire      0%         6-21      90%         3
 Dazzling Flash           Conj/Hex       0%         N/A       90%         3
 Inner Flame              Hex/Fire       0%         N/A       90%         3
 Mephitic Cloud           Conj/Pois/Air  0%         N/A       90%         3
 Stone Arrow              Conj/Erth      0%         3d7       90%         3
 Swiftness                Air            0%         N/A       90%         3
 Airstrike                Air            0%         N/A       100%        4
 Flame Wave               Conj/Fire      0%         2d4       100%        4
 Fulminant Prism          Conj/Hex       0%         3d6       100%        4
 Iskenderun's Mystic Bla  Conj/Tloc      0%         2d3       100%        4
 Olgreb's Toxic Radiance  Pois           0%         N/A       100%        4
 Blade Hands              Tmut           0%         N/A       100%        5
 Irradiate                Conj/Tmut      0%         3d13      100%        5
 Lee's Rapid Deconstruct  Erth           0%         3d5*      100%        5
 Starburst                Conj/Fire      0%         6d3       100%        6
 Dragon Form              Tmut           0%         N/A       100%        7
 Ozocubu's Refrigeration  Ice            0%         4d5       100%        7
 Ignition                 Fire           0%         3d3       100%        8


Dungeon Overview and Level Annotations

Branches:
Dungeon (15/15)            Temple (1/1) D:6            Lair (6/6) D:10
  Swamp (0/4) Lair:2       Spider (0/4) Lair:4        Slime (0/5) Lair:5
    Orc (1/2) D:11         Vaults (0/5) D:14         Depths (1/4) D:15
  Sewer (visited)         Gauntlet (visited)

Altars:
Ashenzari
Cheibriados
Dithmenos
Elyvilon
Fedhas
Gozag
Hepliaklqana
Kikubaaqudgha
Makhleb
Nemelex Xobeh
Okawaru
Qazlal
Ru
Sif Muna
Trog
Uskayaw
Vehumet
Wu Jian
Xom
Yredelemnul
Zin
The Shining One
Jiyva

Shops:
D:4 :


Innate Abilities, Weirdness & Mutations

You may rarely emit foul miasma when damaged in melee.
You regenerate a little health from kills.
When seriously injured, your blood forms armour. (AC +6)
You have a tail ending in a sharp stinger.
You have a pair of small horns on your head.
You are resistant to electric shocks. (rElec)
Your spells are a little harder to cast, but a little more powerful.


Message History

The fiery explosion engulfs you!!
You emit a cloud of dark smoke.
Your blood congeals into armour.
The fiery explosion engulfs something!!!
Dithmenos accepts your kill.
Reactivating autopickup.
You feel a bit more experienced.
The orc wizard explodes!
The orc warrior explodes!
The fiery explosion engulfs the troll!!
Dithmenos accepts your kill.
The fiery explosion engulfs the orc high priest!!
Flame seeps out of the orc high priest.
The orc high priest is almost dead.
The fiery explosion engulfs the orc warrior!!!
Dithmenos accepts your kill.
The orc warrior explodes!
The fiery explosion engulfs the orc wizard!!!
Dithmenos accepts your kill.
The fiery explosion engulfs the orc high priest!!
Dithmenos accepts your kill.
The fiery explosion engulfs the orc!!
Dithmenos accepts your kill.
The fiery explosion engulfs the orc!!
Dithmenos accepts your kill.
The orc explodes! x2; The orc high priest explodes!
The fiery explosion engulfs the orc priest!
Flame seeps out of the orc priest.
The orc priest is almost dead.
The orc wizard explodes!
The troll explodes!
The fiery explosion engulfs the orc priest!!
Dithmenos accepts your kill. The fiery explosion engulfs you!
The orc priest explodes!
The warg explodes!
The fiery explosion engulfs you!!!
* * * LOW HITPOINT WARNING * * *
You emit a cloud of dark smoke.
The orc warrior explodes!
The fiery explosion engulfs you!!
* * * LOW HITPOINT WARNING * * *
You are engulfed in blazing flames.
You die...

..........# ##
..........##.##
.....§§§§§....#
......§§§§§...#
.........§§§§§§...#
...........§§§§§§§..##
............§§§○§§§....
..............§§@§§§....
..............§§§§§.....
...............)........
........................
..............))).......
......................#.
......................#
........###############
........#


There were no monsters in sight!

Vanquished Creatures
  Agnes (D:14)
  Kirke (Lair:5)
  A minotaur (Gauntlet)
  3 fire dragons
  8 vault guards (D:14)
  2 boulder beetles (D:12)
  5 hydras
  A hell beast (Gauntlet)
  A centaur warrior (D:14)
  A death knight (D:14)
  A two-headed ogre (D:13)
  A tengu warrior (D:13)
  5 death yaks
  An orc high priest (Orc:1)
  6 skeletal warriors
  A flayed ghost (D:15)
  A lindwurm (Lair:6)
  3 bog bodies (Lair:2)
  2 necromancers (D:15)
  A wizard (D:15)
  A phantasmal warrior (D:14)
  9 ugly things
  2 oklob plants
  2 deep elf pyromancers
  An orc sorcerer (Orc:1)
  A mana viper (shapeshifter) (D:13)
  A frost giant zombie (D:15)
  5 manticores
  4 cyclopes
  A frost giant skeleton (D:15)
  25 elephants
  An ice statue (Gauntlet)
  3 molten gargoyles (Lair:6)
  15 black mambas
  2 black mambas (shapeshifter) (D:14)
  A torpor snail (Lair:4)
  A smoke demon (Gauntlet)
  2 gargoyles
  10 cane toads
  2 spriggan zombies (D:15)
  12 komodo dragons
  7 rime drakes
  2 freezing wraiths (D:14)
  A guardian mummy (D:15)
  2 efreet
  A red devil (Gauntlet)
  A hornet (Lair:4)
  5 trolls
  4 polar bears
  6 slime creatures (D:13)
  28 blink frogs
  A centaur simulacrum (D:14)
  8 wyverns
  A shadow (D:12)
  2 wraiths
  50 yaks
  4 hogs (Lair:5)
  10 basilisks
  A redback (shapeshifter) (D:15)
  5 steam dragons
  4 wargs
  3 vampire mosquitoes (D:10)
  2 redbacks (Lair:4)
  Menkaure (D:4)
  3 swamp worms (Lair:2)
  3 acid dragons
  25 water moccasins
  5 hell hounds (Lair:6)
  7 orc warriors
  A sky beast (D:6)
  2 black bears
  21 wolves
  4 ogres
  5 boggarts
  A phantom (D:6)
  2 kobold brigands (D:10)
  A scorpion (D:5)
  A necrophage (D:4)
  14 bullfrogs
  3 wights (D:9)
  9 killer bees
  An electric eel (Lair:2)
  3 howler monkeys
  4 crimson imps (Gauntlet)
  2 bullfrog zombies (D:4)
  4 lava snakes (Lair:6)
  2 hounds
  3 jellies
  7 orc priests
  2 gnoll shamans
  2 iguanas
  8 orc wizards
  A scorpion zombie (D:4)
  2 hound zombies (D:4)
  2 hound skeletons (D:4)
  7 gnolls
  20 adders
  2 shadow imps
  A white imp (D:7)
  3 adder skeletons (D:4)
  3 adder zombies (D:4)
  2 worms (D:3)
  4 dart slugs
  45 orcs
  14 endoplasms
  13 giant cockroaches
  2 goblins
  4 hobgoblins
  12 kobolds
  8 quokkas
  7 ball pythons
  7 bats
  14 frilled lizards
  4 rats
618 creatures vanquished.

Vanquished Creatures (collateral kills)
  Snorg (D:10)
  2 yaks (D:10)
3 creatures vanquished.

Vanquished Creatures (others)
  13 demonic plants (Gauntlet)
  42 fungi
  68 plants
  10 withered plants (D:15)
133 creatures vanquished.

Grand Total: 754 creatures vanquished

Notes
Turn   | Place    | Note
-------+----------+-------------------------------------------
     0 | D:1      | KristoblXynda the Demonspawn Gladiator began the quest for
                  | the Orb.
     0 | D:1      | Reached XP level 1. HP: 16/16 MP: 1/1
   427 | D:1      | Gained mutation: You regenerate a little health from kills.
                  | [demonic ancestry]
   427 | D:1      | Reached XP level 2. HP: 18/22 MP: 2/2
   747 | D:1      | Found a faded altar of an unknown god.
   766 | D:1      | Got Plato's Tome of the Rocks
  1029 | D:2      | Reached XP level 3. HP: 27/28 MP: 3/3
  1860 | D:3      | Found a glowing drain.
  1871 | Sewer    | Entered a sewer
  1876 | Sewer    | Gained mutation: You may rarely emit foul miasma when
                  | damaged in melee. [demonic ancestry]
  1876 | Sewer    | Reached XP level 4. HP: 34/34 MP: 4/4
  2119 | Sewer    | Reached skill level 3 in Fighting
  2132 | Sewer    | Noticed a bullfrog
  2142 | Sewer    | Killed a bullfrog
  2143 | Sewer    | Reached XP level 5. HP: 17/41 MP: 5/5
  2472 | D:3      | Found a burning altar of Makhleb.
  2500 | D:3      | Found a blossoming altar of Fedhas.
  3043 | D:3      | Identified the +1 dagger of Collusion {speed, rN+}
  3068 | D:4      | Found Boubu's Self-Improvement Boutique.
  3283 | D:4      | Found a sparkling altar of Nemelex Xobeh.
  3402 | D:4      | Gained mutation: You have a small tail. [demonic ancestry]
  3402 | D:4      | Reached XP level 6. HP: 42/48 MP: 6/6
  3541 | D:4      | Reached skill level 5 in Long Blades
  3583 | D:4      | Noticed Menkaure
  3601 | D:4      | Killed Menkaure
  3602 | D:4      | Reached skill level 4 in Fighting
  3613 | D:4      | Gained mutation: When seriously injured, your blood forms
                  | armour. (AC +6) [demonic ancestry]
  3613 | D:4      | Reached XP level 7. HP: 28/54 MP: 7/7
  4123 | D:5      | Entered Level 5 of the Dungeon
  4585 | D:5      | Found a shimmering altar of Xom.
  4587 | D:5      | Found a shimmering altar of Xom.
  4587 | D:5      | Found a shimmering altar of Xom.
  4589 | D:5      | Found a shimmering altar of Xom.
  5103 | D:6      | Noticed a steam dragon
  5130 | D:6      | Killed a steam dragon
  5131 | D:6      | Reached skill level 5 in Fighting
  5131 | D:6      | Reached skill level 5 in Dodging
  5131 | D:6      | Reached XP level 8. HP: 48/62 MP: 8/8
  5263 | D:6      | Found a staircase to the Ecumenical Temple.
  5300 | D:6      | Reached skill level 1 in Armour
  6270 | Temple   | Entered the Ecumenical Temple
  6373 | Temple   | Became a worshipper of Dithmenos the Shadowed
  6511 | D:7      | Reached skill level 6 in Fighting
  6961 | D:7      | Reached XP level 9. HP: 64/69 MP: 9/9
  7079 | D:7      | Reached * piety under Dithmenos
  8176 | D:8      | Found an ornate altar of the Wu Jian Council.
  8214 | D:8      | Noticed a gargoyle
  8233 | D:8      | Killed a gargoyle
  8609 | D:8      | Found a snail-covered altar of Cheibriados.
  8953 | D:9      | Reached skill level 7 in Fighting
  9969 | D:10     | Entered Level 10 of the Dungeon
  9999 | D:10     | Found a staircase to the Lair.
  9999 | D:10     | Noticed a fire dragon
 10019 | D:10     | Killed a fire dragon
 10020 | D:10     | Reached XP level 10. HP: 31/79 MP: 10/10
 10116 | D:10     | Reached skill level 5 in Armour
 10134 | D:10     | Noticed Snorg
 10146 | D:10     | Killed Snorg
 10187 | D:10     | Reached skill level 8 in Fighting
 10733 | D:10     | HP: 3/80 [vampire mosquito (8)]
 10737 | D:10     | HP: 1/80 [vampire mosquito (1)]
 11216 | D:10     | Found an opulent altar of Gozag.
 11216 | D:10     | Found a stormy altar of Qazlal.
 11355 | D:11     | Noticed a manticore
 11372 | D:11     | Killed a manticore
 11968 | D:11     | You are sucked into a shaft and drop 1 floor!
 12012 | D:12     | Noticed a boulder beetle
 12051 | D:12     | Killed a boulder beetle
 12052 | D:12     | Reached skill level 1 in Invocations
 12411 | D:12     | Reached XP level 11. HP: 61/87 MP: 12/12
 12522 | D:12     | Noticed a deep elf pyromancer
 12540 | D:12     | Killed a deep elf pyromancer
 12552 | D:12     | Noticed a green ugly thing
 12582 | D:12     | Killed a green ugly thing
 13092 | D:12     | Identified a scroll of acquirement
 13092 | D:12     | Acquired a manual of Fighting
 13416 | D:12     | Noticed a boulder beetle
 13896 | D:12     | Noticed an eight-headed hydra
 13963 | D:11     | Found a staircase to the Orcish Mines.
 13984 | D:11     | Reached skill level 9 in Fighting
 13992 | D:11     | Reached ** piety under Dithmenos
 14261 | D:11     | Noticed a red ugly thing
 14271 | D:11     | Killed a red ugly thing
 14711 | D:13     | Noticed a cyan ugly thing
 14719 | D:13     | Found a gate leading to a gauntlet.
 14732 | D:13     | Killed a cyan ugly thing
 14810 | Gauntlet | Entered a Gauntlet
 14810 | Gauntlet | Found a transporter.
 14810 | Gauntlet | Found a transporter.
 14810 | Gauntlet | Found a transporter.
 14967 | Gauntlet | Found a transporter.
 14968 | Gauntlet | Found the +2 hat of the Bear Spirit {Spirit, *Rage Will++}
 14982 | Gauntlet | Found a transporter.
 14985 | Gauntlet | Found a transporter.
 14989 | Gauntlet | Noticed a hell beast
 15002 | Gauntlet | Found a transporter.
 15015 | Gauntlet | Noticed a fire crab
 15017 | Gauntlet | Found a transporter.
 15031 | Gauntlet | Found a transporter.
 15034 | Gauntlet | Found a transporter.
 15035 | Gauntlet | Noticed a catoblepas
 15042 | Gauntlet | Found a transporter.
 15045 | Gauntlet | Found a transporter.
 15115 | Gauntlet | Reached skill level 10 in Long Blades
 15373 | Gauntlet | Reached skill level 10 in Fighting
 15633 | Gauntlet | Killed a hell beast
 15669 | Gauntlet | Identified the amulet "Puhuh" {Faith Fly}
 15748 | Gauntlet | Noticed a minotaur
 15763 | Gauntlet | Killed a minotaur
 16157 | D:13     | Noticed a tengu warrior
 16172 | D:13     | Killed a tengu warrior
 16843 | D:13     | Reached XP level 12. HP: 99/99 MP: 13/15
 17133 | D:13     | Reached skill level 11 in Fighting
 17303 | D:13     | Reached skill level 5 in Invocations
 17511 | D:13     | Noticed a two-headed ogre
 17516 | D:13     | Killed a two-headed ogre
 18302 | D:14     | Found an iron altar of Okawaru.
 18365 | D:14     | Reached skill level 12 in Fighting
 18716 | D:14     | Reached skill level 1 in Shields
 18819 | D:14     | Noticed a centaur warrior
 18826 | D:14     | Killed a centaur warrior
 19112 | D:14     | Noticed Agnes
 19124 | D:14     | Killed Agnes
 19320 | D:14     | Noticed a death knight
 19455 | D:14     | Killed a death knight
 19462 | D:14     | Reached XP level 13. HP: 109/109 MP: 18/18
 19686 | D:14     | Found a gate to the Vaults.
 19737 | D:14     | HP: 1/109 [vault guard/+1 great sword (7)]
 20386 | D:14     | Reached *** piety under Dithmenos
 20964 | D:15     | Entered Level 15 of the Dungeon
 21073 | D:15     | Reached skill level 10 in Armour
 21206 | D:15     | Found a staircase to the Depths.
 21247 | D:15     | Reached skill level 10 in Dodging
 21821 | D:15     | Found a radiant altar of Vehumet.
 22269 | Depths:1 | Entered Level 1 of the Depths
 22269 | Depths:1 | Noticed a fire dragon
 22281 | Depths:1 | Killed a fire dragon
 22595 | D:12     | Reached skill level 5 in Shields
 22979 | Lair:1   | Entered Level 1 of the Lair of Beasts
 23451 | Lair:1   | Reached skill level 13 in Fighting
 23783 | Lair:1   | Found the +8 whip "Snakebite" {venom, curare, rPois}
 24054 | Lair:1   | Reached **** piety under Dithmenos
 24993 | Lair:2   | Reached XP level 14. HP: 58/118 MP: 9/19
 25176 | Lair:2   | Gained mutation: You have hidden genetic potential. [potion
                  | of mutation]
 25176 | Lair:2   | Gained mutation: You are dopey. (Int -2) [potion of
                  | mutation]
 25176 | Lair:2   | Gained mutation: You are very dopey. (Int -4) [potion of
                  | mutation]
 25185 | Lair:2   | Lost mutation: You have hidden genetic potential. [potion
                  | of mutation]
 25185 | Lair:2   | Lost mutation: You are very dopey. (Int -4) [potion of
                  | mutation]
 25185 | Lair:2   | Lost mutation: You are dopey. (Int -2) [potion of mutation]
 25185 | Lair:2   | Gained mutation: You expend magic power (3 MP) to
                  | strengthen your wands. [potion of mutation]
 25186 | Lair:2   | Lost mutation: You expend magic power (3 MP) to strengthen
                  | your wands. [potion of mutation]
 25186 | Lair:2   | Gained mutation: Your mind is acute. (Int +2) [potion of
                  | mutation]
 25186 | Lair:2   | Gained mutation: You are weak. (Str -2) [potion of
                  | mutation]
 25187 | Lair:2   | Lost mutation: Your mind is acute. (Int +2) [potion of
                  | mutation]
 25187 | Lair:2   | Lost mutation: You are weak. (Str -2) [potion of mutation]
 25187 | Lair:2   | Gained mutation: You are frail. (-10% HP) [potion of
                  | mutation]
 25194 | Lair:2   | Found a staircase to the Swamp.
 25810 | Lair:2   | You fall into a shaft and drop 1 floor!
 26950 | Lair:2   | Reached skill level 14 in Fighting
 28427 | Lair:3   | Lost mutation: You are frail. (-10% HP) [potion of
                  | mutation]
 28427 | Lair:3   | Gained mutation: Your spells are a little harder to cast,
                  | but a little more powerful. [potion of mutation]
 28427 | Lair:3   | Gained mutation: You are resistant to electric shocks.
                  | (rElec) [potion of mutation]
 28427 | Lair:3   | Gained mutation: You have a pair of small horns on your
                  | head. [potion of mutation]
 28474 | Lair:4   | Found a hole to the Spider Nest.
 28579 | Lair:4   | Reached ***** piety under Dithmenos
 29680 | Lair:5   | Reached skill level 15 in Fighting
 29908 | Lair:5   | Reached skill level 10 in Invocations
 29957 | Lair:5   | Noticed Kirke
 29966 | Lair:5   | Reached skill level 1 in Evocations
 29984 | Lair:5   | Killed Kirke
 30018 | Lair:5   | Found a viscous altar of Jiyva.
 30019 | Lair:5   | Found a staircase to the Slime Pits.
 30102 | Lair:5   | Gained mutation: You have a tail ending in a sharp stinger.
                  | [demonic ancestry]
 30102 | Lair:5   | Reached XP level 15. HP: 105/129 MP: 16/22
 30941 | Lair:6   | Entered Level 6 of the Lair of Beasts
 31534 | Lair:6   | Reached skill level 16 in Fighting
 31676 | Lair:6   | Reached ****** piety under Dithmenos
 32079 | Lair:6   | Found a large runed translucent door.
 32080 | Lair:6   | Found a large runed translucent door.
 33043 | Lair:6   | Reached skill level 5 in Evocations
 33494 | Orc:1    | Entered Level 1 of the Orcish Mines
 33924 | Orc:1    | Engulfed by a cloud of flame

Illustrated notes

Levels and vault maps discovered:
D:1:      mrwooster_arrival_statue_2, layout_loops_cross,
          shapermc_ecumenical_altar_rom_forum
D:2:      layout_loops_ring
D:3:      layout_loops_ring, lemuel_doored_altar, amcnicky_altar_gilded,
          cheibrodos_sewer_entry_sluice
D:4:      layout_cave_pools, nemelex_xobeh_ov_fountains_minmay, serial_undead,
          serial_undead_e, serial_undead_e, serial_undead_f, serial_undead_f,
          serial_undead_d, serial_undead_c, serial_undead_d, serial_undead_f,
          nicolae_shop_self_help, uniq_menkaure
D:5:      layout_loops_ring, xom_redecorated, mainiacjoe_overflow_alcove_4,
          general_overflow_altar
D:6:      layout_basic, minmay_temple_entry_tees
D:7:      layout_cave_pools, minivault_1, grunt_ministairs_3
D:8:      layout_cave_pools, nicolae_wu_jian_glorious_leap, tso_oasis_becter,
          old_standard_altar
D:9:      layout_rooms, minmay_misc_feat_nine_boxes
D:10:     layout_rooms, chequers_temple_overflow_statue_of_worship,
          minmay_lair_entry_lava, nicolae_elevator_lobby_plus, uniq_snorg
D:11:     layout_roguey, minmay_orc_entry_guard_dogs, serial_glass,
          glass_columns_a, glass_columns_c, glass_columns_a, glass_columns_a,
          glass_columns_a, glass_columns_b, glass_columns_b, glass_columns_c,
          glass_columns_a, glass_columns_a
D:12:     layout_loops_corners
D:13:     layout_long_grid, gauntlet_entry_generic
D:14:     layout_basic, erik_vaults_2, lemuel_tele_altar, uniq_agnes
D:15:     gammafunk_depths_entry_grave, layout_rooms, nicolae_vehumet_radiance
Temple:   jpeg_temple_clearing
Lair:1:   minmay_guarded_unrand_snakebite, layout_misc_corridors,
          grunt_megastairs_1
Lair:2:   layout_layer_cave, nicolae_swamp_entry_splash_gauntlet, minivault_25,
          lemuel_fruit_tree
Lair:3:   layout_chaotic_city, dreamdust_gnoll_shepherd
Lair:4:   minmay_lair_venomous_thicket, layout_regular_city,
          spider_nest_entry_webs, grunt_megastairs_2
Lair:5:   layout_small_grid, slime_altar_1, grunt_megastairs_3, uniq_kirke
Lair:6:   cheibrodos_lair_end_hotspot, layout_regular_city
Orc:1:    emtedronai_trogs_sanctum, layout_caves, serial_shops, shop
Depths:1: dpeg_oklob_gauntlet, layout_cave_shapes, hell_entry, serial_shops,
          shop, pan_entry, abyss_entry_small_statue_room,
          minmay_guarded_unrand_wrath_of_trog, minmay_shop_grove

Skill      XL: |  1  2  3  4  5  6  7  8  9 10 11 12 13 14 15 |
---------------+----------------------------------------------+-----
Throwing       | 2 3 |  3.0
Long Blades    | 3 4 5 6 7 8 9 10 11 12 13 14 | 14.1
Dodging        | 3 4 5 6 7 8 9 10 11 12 | 12.5
Fighting       | 3 4 5 6 7 8 10 12 13 15 16 | 16.1
Armour         | 3 4 6 8 9 10 | 10.8
Invocations    | 2 4 6 7 10 | 10.0
Shields        | 2 5 |  5.1
Evocations     | 2 5 |  5.1

Action                   |  1- 3 |  4- 6 |  7- 9 | 10-12 | 13-15 || total
-------------------------+-------+-------+-------+-------+-------++-------
Melee: Long sword        |    95 |   269 |   448 |   469 |       ||  1281
       Punch             |     1 |     2 |     5 |    15 |       ||    23
       Tailslap          |       |    16 |    65 |   119 |   224 ||   424
       Scimitar          |       |       |       |   146 |  1145 ||  1291
       Headbutt          |       |       |       |       |   177 ||   177
Throw: Throwing net      |       |       |     7 |     3 |       ||    10
       Javelin           |       |       |       |     5 |     3 ||     8
Evoke: Wand              |       |       |     5 |    15 |       ||    20
       Piece from Xom's  |       |       |       |     3 |     1 ||     4
       Lightning rod     |       |       |       |     6 |       ||     6
  Use: Scroll            |     2 |       |     9 |    20 |     9 ||    40
       Potion            |       |       |     5 |     9 |     8 ||    22
 Stab: Sleeping          |       |       |     2 |       |     2 ||     4
       Held in net/web   |       |       |     2 |     5 |       ||     7
       Paralysed         |       |       |    10 |    36 |       ||    46
       Distracted        |       |       |       |     2 |       ||     2
Armor: Leather armour    |     8 |    19 |   150 |       |       ||   177
       Ring mail         |    26 |    94 |       |       |       ||   120
       Skin              |       |       |    51 |       |       ||    51
       Scale mail        |       |       |     9 |    93 |       ||   102
       Acid dragon scale |       |       |       |    85 |   236 ||   321
Dodge: Dodged            |    82 |   219 |   358 |   482 |  1088 ||  2229
Block: Buckler           |       |       |       |     8 |   305 ||   313

Table legend: (Time is in decaauts)
 A = Elapsed time spent in this place.
 B = Non-inter-level travel time spent in this place.
 C = Inter-level travel time spent in this place.
 D = Time resting spent in this place.
 E = Time spent auto-exploring this place.
 F = Levels seen in this place.
 G = Mean time per level.
                   A        B        C        D        E       F      G
               +--------+--------+--------+--------+--------+-----+--------+
         Total |  34208 |  33238 |    970 |  14211 |  13557 |  26 | 1315.7 |
       Dungeon |  21239 |  20555 |    684 |   8476 |   8855 |  15 | 1415.9 |
        Temple |    119 |     77 |     42 |      0 |     64 |   1 |  119.0 |
          Lair |  10546 |  10303 |    243 |   4325 |   4534 |   6 | 1757.7 |
  Orcish Mines |    429 |    429 |      0 |    259 |     89 |   1 |  429.0 |
        Depths |     17 |     17 |      0 |      0 |      0 |   1 |   17.0 |
         Sewer |    650 |    650 |      0 |    267 |     14 |   1 |  650.0 |
      Gauntlet |   1206 |   1206 |      0 |    882 |      0 |   1 | 1206.0 |
               +--------+--------+--------+--------+--------+-----+--------+

Top non-repeatable levels by time:
  Lair:2: 2838 daAuts
    D:13: 2787 daAuts
    D:14: 2724 daAuts
  Lair:6: 2423 daAuts
    D:12: 2406 daAuts
  Lair:1: 1673 daAuts
    D:11: 1322 daAuts
     D:9: 1321 daAuts
     D:8: 1305 daAuts
  Lair:5: 1276 daAuts
    D:15: 1248 daAuts
  Lair:4: 1245 daAuts
     D:7: 1220 daAuts
Gauntlet: 1206 daAuts
     D:6: 1204 daAuts
